Zazza, neutral female human Tourist ------ --- ----.--..| ---.-- --.|......| --.-- ---- --....| |.........| ....- |..-- |.....-- ..--.......-----..... --..| --.....| ...^........| |....|..-- --..--- --....| ........)...- |.--.|...| |.....| ---.-- .........*)...-|.||.|--.--- ---....--- |...| --.........).|...|.-|.--.....-- |.........--.--- .............|......|......%..| -.--......Z@f| .........).....----..|.....|...| --...--Z---------.............--- |.-|.|..----.| |.................--...........| |.||.|--- --- --...---------------|........--.--|.||%--- |........-- ---......||...|.||...| ---........-- ----...|---.|.|---.--- |...--......--- --- |...---|...---- --.---|.....*..| ---.[<.|-...|.| |...| |....---.| |....|--.*..| --.-- --..-- --- --.--- ------ --- --- --- Zazza the Sightseer Experience level: 5 Strength: 12 Dexterity: 14 Constitution: 12 Intelligence: 13 Wisdom: 11 Charisma: 17 Health: 0(32) Energy: 20(20) Def: 5 Gold: 1166 Moves: 3561 Dungeon seed: OxqQ8B-3hJcIzXwa Game ID: Zazza_1575737535 Your Inventory: Coins $ - 1166 gold pieces Weapons a - 24 +2 darts (in quiver) n - 2 +0 orcish daggers u - a +1 orcish dagger (weapon in hand) E - 9 +0 darts G - a blessed +0 elven dagger Armor e - an uncursed +0 Hawaiian shirt (being worn) y - an uncursed +0 pair of leather gloves (being worn) z - an uncursed +0 dwarvish iron helm (being worn) N - an uncursed +0 pair of iron shoes (being worn) Comestibles b - 4 uncursed food rations c - an uncursed tripe ration d - an uncursed slime mold g - an uncursed lembas wafer o - an uncursed egg x - an uncursed lichen corpse Scrolls j - 5 uncursed scrolls of magic mapping t - an uncursed scroll of teleportation D - an uncursed scroll of create monster M - a cursed scroll of blank paper Potions i - 2 uncursed potions of extra healing v - a blessed potion of gain ability L - an uncursed potion of full healing Rings m - an uncursed ring of regeneration Wands s - a wand of cold (0:4) Tools k - an expensive camera (0:61) l - an uncursed credit card C - a +0 pick-axe F - 2 blessed wax candles (0:400) I - a cursed wax candle (0:400) K - an uncursed wax candle (0:400) O - an uncursed leash P - an uncursed skeleton key Gems q - an uncursed black opal r - an uncursed worthless piece of green glass Y - 2 uncursed worthless pieces of white glass Spells and supernatural/magical abilities: Name Level Category Fail Memory W - pray for help -- divine ? -- Your skills at the end: Fighting Skills Weapon Skills dagger [Basic] dart [Basic] Spellcasting Skills Final Attributes: You were piously aligned. You are dead. Vanquished creatures: an imp a shrieker a violet fungus 2 gnome lords a gnomish wizard a paper golem a giant ant 2 dwarves a homunculus 2 rothes 3 giant bats 2 dwarf zombies 2 gas spores a hobbit 2 brown molds a red mold 9 gnomes a gnome zombie 4 geckos 7 jackals 6 goblins 8 grid bugs 2 lichens 5 newts 66 creatures vanquished. Voluntary challenges: You used a wielded weapon 66 times, starting on turn 153. You read items or engraved 2 times, starting on turn 1234. You never genocided any monsters. You never polymorphed an object. You never changed form. You used no wishes. You never split a pudding. You never wrote Elbereth's name. You never violated your personal moral code. Dungeon overview: The Dungeons of Doom: levels 1 to 5 Level 1 a fountain a long staircase Level 2 Level 3 a fountain Level 4 some fountains stairs to The Gnomish Mines Level 5 The Gnomish Mines: Level 5 <- You were here stairs to The Dungeons of Doom History has recorded: On T:1 you entered the Dungeons of Doom to retrieve the Amulet of Yendor! On T:545 you reached level 2 of The Dungeons of Doom. On T:550 you advanced to experience level 2. On T:616 you reached level 3 of The Dungeons of Doom. On T:1292 you reached level 4 of The Dungeons of Doom. On T:1868 you reached level 5 of The Dungeons of Doom. On T:2107 you advanced to experience level 3. On T:2328 you reached level 1 of The Gnomish Mines. On T:2546 you advanced to experience level 4. On T:3204 you advanced to experience level 5. Score breakdown: Gold: 382 ( 8787 points) Experience: 5 levels (11141 points) Exploration: 5 levels ( 10.42%) ( 8751 points) Discoveries: 3 items ( 1.01%) ( 3010 points) Valuables value: (no points given unless you survive) Artifact value: 0 ( 0 points) Variety of kills: 24 monsters ( 6.30%) ( 7529 points) Turncount: 3561 turns ( -853 points) Survival: died (score multiplied by 80%) Total score: 30692 Latest messages: Armand bites the violet fungus. The violet fungus is killed! You are beginning to feel hungry. You stop running. You hit the dwarf zombie. (2x) The dwarf zombie hits! You hit the dwarf zombie. Armand bites the dwarf zombie. The dwarf zombie is destroyed! You displace Armand. The dwarf zombie hits! You hit the dwarf zombie. The dwarf zombie hits! Armand bites the dwarf zombie. The dwarf zombie is destroyed! You see here a dwarf corpse. The human zombie hits! You hit the human zombie. (2x) The human zombie hits! You hit the human zombie. (2x) The human zombie hits! You hit the human zombie. The human zombie turns to flee! The dwarf zombie hits! You die... Final status: Aloha Zazza the Tourist, killed by a dwarf zombie... You died in The Gnomish Mines on dungeon level 5 with 30692 points, and 1166 pieces of gold, after 3561 moves. You were level 5 with a maximum of 32 hit points when you died.